 Dungeon Crawl Stone Soup version 0.24.0-125-gc4c63601f3 (webtiles) character file.

Game seed: 11664908389190277216, levelgen mode: deterministic

72 Frank2 the Cudgeler (level 4, -4/34 HPs)
             Began as a Demonspawn Gladiator on Feb 29, 2020.
             Slain by Sigmund
             ... wielding a +0 scythe
              (8 damage)
             ... on level 2 of the Dungeon.
             The game lasted 00:02:02 (1127 turns).

Frank2 the Cudgeler (Demonspawn Gladiator)          Turns: 1127, Time: 00:02:02

Health: -4/34      AC:  7    Str: 14    XL:     4   Next: 7%
Magic:  4/4        EV: 12    Int:  9    God:
Gold:   71         SH:  0    Dex: 16    Spells: 3/3 levels left

rFire    . . .     SeeInvis .   a - +1 flail
rCold    . . .     Gourm    .   (no shield)
rNeg     . . .     Faith    .   e - +0 ring mail
rPois    .         Spirit   .   c - +0 helmet
rElec    .         Reflect  .   (no cloak)
rCorr    .         Harm     .   o - +0 pair of gloves
MR       .....                  (no boots)
Stlth    +.........             (no amulet)
HPRegen  0.11/turn              (no ring)
MPRegen  0.09/turn              (no ring)

@: flying, very slightly contaminated, hasted, very quick
A: spiny 1
a: no special abilities


You were on level 2 of the Dungeon.
You were hungry.

You visited 1 branch of the dungeon, and saw 2 of its levels.

You collected 71 gold pieces.

Inventory:

Hand Weapons
 a - a +1 flail (weapon)
Missiles
 d - 3 throwing nets (quivered)
Armour
 c - a +0 helmet (worn)
 e - a +0 ring mail (worn)
 o - a +0 pair of gloves (worn)
Scrolls
 h - a scroll of identify
 i - a scroll of fog {unknown}
 j - a scroll of amnesia {unknown}
 m - a scroll of enchant armour {unknown}
 n - a scroll of random uselessness {unknown}
 p - a scroll of blinking
Potions
 b - a potion of cancellation
 g - a potion of flight
Comestibles
 f - 4 rations


   Skills:
 + Level 2.4 Fighting
 + Level 3.7 Maces & Flails
 - Level 1.7 Throwing
 + Level 0.4 Armour
 + Level 3.3 Dodging


You had 3 spell levels left.
You didn't know any spells.
Your spell library was empty.

Dungeon Overview and Level Annotations

Branches:
Dungeon (2/15)

Altars:

Annotations:
D:2 Sigmund


Innate Abilities, Weirdness & Mutations

You are partially covered in sharp spines.


Message History

You miss something. Something hits you but does no damage.
You hit something. Something hits you.
You hit something. Something hits you but does no damage.
You barely miss something.
You flicker for a moment.
You miss something. Something barely misses you.
You barely miss something.
You hear some strange, mumbled words.
A magic dart appears from out of thin air!
The magic dart hits you but does no damage.
You closely miss something. Something hits you but does no damage.
You closely miss something. Something hits you.
You barely miss something.
You flicker back into view.
Something hits you but does no damage.
You closely miss something. Something hits you!
* * * LOW HITPOINT WARNING * * *
It was a potion of haste.
You feel yourself speed up. Something hits you!
You die...

#............ #######
#............ #.....#
#............ # #.....#
#............ # #.....#
#......)..... # ###.....#
#.....((.{.)$ # #.......#
#####.####### ##
###.......#########.###### ....
..........@){..............
#############.###################
##......#####.#####
........#.........#
##.....(#.........#
..#.#####.........### ###.#
#......†..).# ###.# #...........#
....## #####.###...#


There were no monsters in sight!

Vanquished Creatures
  3 adders (D:2)
  An ooze (D:2)
  A worm (D:2)
  A dart slug (D:1)
  A leopard gecko (D:1)
  7 bats
  A giant cockroach (D:1)
  5 goblins
  3 hobgoblins (D:1)
  A ball python (D:2)
  8 frilled lizards
  4 kobolds
  3 rats (D:1)
39 creatures vanquished.

Notes
Turn   | Place    | Note
-------+----------+-------------------------------------------
     0 | D:1      | Frank2 the Demonspawn Gladiator began the quest for the
                  | Orb.
     0 | D:1      | Reached XP level 1. HP: 16/16 MP: 1/1
   139 | D:1      | Gained mutation: You are partially covered in sharp spines.
                  | [demonic ancestry]
   139 | D:1      | Reached XP level 2. HP: 19/22 MP: 2/2
   725 | D:2      | Reached XP level 3. HP: 27/27 MP: 3/3
  1044 | D:2      | Reached XP level 4. HP: 26/34 MP: 4/4
  1083 | D:2      | Noticed Sigmund
  1127 | D:2      | Slain by Sigmund

Levels and vault maps discovered:
D:1:      saegor_arrival_simple_b, layout_basic
D:2:      layout_basic, lemuel_round_altar, uniq_sigmund

Skill      XL: |  1  2 |
---------------+-------+-----
Maces & Flails | 3 |  3.7
Dodging        | 3 |  3.3
Fighting       | |  2.4
Throwing       | |  1.7
Armour         | |  0.4

Action                   |  1- 3 |  4- 6 || total
-------------------------+-------+-------++-------
Melee: Flail             |    63 |    22 ||    85
  Use: Scroll            |     5 |       ||     5
       Potion            |       |     3 ||     3
Armor: Ring mail         |    18 |     9 ||    27
Dodge: Dodged            |    35 |    10 ||    45
